 Dungeon Crawl Stone Soup version 0.31.0-12-g77e489cdc1 (webtiles) character file.

Game seed: 12767631482636811802

74 mopl the Insei (level 4, -1/29 HPs)
             Began as an Octopode Shapeshifter on Feb 11, 2024.
             Succumbed to Jessica's poison
             ... on level 2 of the Dungeon.
             The game lasted 00:01:16 (741 turns).

mopl the Insei (Octopode Shapeshifter)               Turns: 741, Time: 00:01:17

Health: -1/29      AC:  2    Str: 11    XL:     4   Next: 28%
Magic:  4/4        EV: 13    Int: 12    God:
Gold:   26         SH:  0    Dex: 13    Spells: 3/3 levels left

rFire   . .          .
                       - Unarmed
rCold   . . .        (no shield)
rNeg    . . .        (helmet currently unavailable)
rPois   .            (no amulet)
rElec   .            (no ring)
rCorr   .            (no ring)
SInv    .            (no ring)
Will    +....        (no ring)
Stlth   ++           (no ring)
HPRegen 0.24/turn    (no ring)
MPRegen 0.09/turn    (no ring)
                     (no ring)

%: no passive effects
@: mighty, lethally poisoned (-1 -> -11), beast-form, enlightened, flying,
studying Stealth
A: beast (slay +2), almost no armour, amphibious, 8 rings, camouflage 1,
gelatinous body 1, (nimble swimmer 1), tentacles, tentacle spike 1, shaggy fur
1, weak 1
a: Begin Untransformation


You were on level 2 of the Dungeon.
You were a hulking beast.
You visited 1 branch of the dungeon, and saw 2 of its levels.

You collected 26 gold pieces.

Inventory:

Talismans
 b - a beast talisman
 c - a flux talisman
Scrolls
 e - a scroll of amnesia {unknown}
 h - a scroll of enchant armour {unknown}
 i - a scroll of immolation
 k - a scroll of identify {unknown}
Potions
 a - 2 potions of lignification
 d - a potion of mutation
 g - a potion of berserk rage {unknown}
 j - a potion of enlightenment


   Skills:
 + Level 1.6 Fighting
 + Level 2.5 Dodging
 * Level 3.7 Unarmed Combat
 * Level 3.6 Shapeshifting


You had 3 spell levels left.
You didn't know any spells.
Your spell library was empty.

Dungeon Overview and Level Annotations

Branches:
Dungeon (2/15)

Altars:


Innate Abilities, Weirdness & Mutations

You are a hulking beast.
Your limbs bulge with bestial killing power. (Slay +2)
You cannot wear most types of armour.
You are amphibious.
You can wear up to eight rings at the same time.
Your skin changes colour to match your surroundings (Stealth+).
Your rubbery body absorbs attacks. (AC +1, EV +1)
((You are camouflaged when in or above water. (Stealth+)))
You have tentacles for arms and can constrict up to eight enemies at once.
One of your tentacles bears a spike.
You are covered in fur. (AC +1)
You are weak. (Str -2)


Message History

Found a stone staircase leading down.
Jessica the Apprentice Sorceress comes into view.
She is wielding a +2 dagger of venom.
Jessica is nearby!
A rat comes into view.
The helpless rat fails to defend itself.
You bludgeon the rat!
You kill the rat!
No target in view!
There is a stone staircase leading down here.
The helpless Jessica fails to defend herself.
You tentacle-slap Jessica. Your grab misses Jessica.
Your squeeze misses Jessica.
Jessica is heavily wounded.
Jessica hits you with a +2 dagger of venom.
You are poisoned.
You tentacle-slap Jessica. Your grab misses Jessica.
Jessica is almost dead.
You feel sick.
Jessica hits you with a +2 dagger of venom.
You are lethally poisoned!
You are too injured to fight recklessly!
You tentacle-slap Jessica.
You kill Jessica!
* * * LOW HITPOINT WARNING * * *
You feel very sick.
You have reached level 4!
It was a potion of mutation.
You feel extremely strange.
You feel weaker.
One of your lower tentacles grows a sharp spike.
Fur sprouts all over your body.
* * * LOW HITPOINT WARNING * * *
You feel very sick.
It was a potion of enlightenment.
You feel very buoyant.
You fly up into the air.
* * * LOW HITPOINT WARNING * * *
You feel very sick.
It was a potion of might.
You feel very mighty all of a sudden.
You die...

........#
#....)....#
...######
##.#####..#
...#
#........#
..##
#..#####.####
###
#...........#
######
##.#####.....
.....# #.#
#.. ####.#
#.# #.# #h#
#.# #.)......
#.# #.#######
#.# #.# #.#
#.. #.# #.#
#.# #.# #.#
#.# #.####


There were no monsters in sight!

Vanquished Creatures
  Jessica (D:2)
  2 ribbon worms (D:2)
  A dart slug (D:1)
  5 endoplasms
  2 giant cockroaches (D:1)
  6 goblins (D:1)
  4 hobgoblins
  2 jackals (D:1)
  2 quokkas (D:1)
  6 bats (D:1)
  2 frilled lizards (D:1)
  6 rats
39 creatures vanquished.

Notes
Turn   | Place    | Note
-------+----------+-------------------------------------------
     0 | D:1      | mopl the Octopode Shapeshifter began the quest for the Orb.
     0 | D:1      | Reached XP level 1. HP: 13/13 MP: 1/1
    47 | D:1      | Reached XP level 2. HP: 8/18 MP: 2/2
   451 | D:1      | Reached XP level 3. HP: 23/23 MP: 3/3
   674 | D:2      | Found a faded altar of an unknown god.
   724 | D:2      | Noticed Jessica
   738 | D:2      | Killed Jessica
   739 | D:2      | Reached XP level 4. HP: 7/29 MP: 4/4
   739 | D:2      | Gained mutation: You are weak. (Str -2) [potion of
                  | mutation]
   739 | D:2      | Gained mutation: One of your tentacles bears a spike.
                  | [potion of mutation]
   739 | D:2      | Gained mutation: You are covered in fur. (AC +1) [potion of
                  | mutation]
   740 | D:2      | HP: 1/29 [poisoned by Jessica]
   741 | D:2      | Succumbed to Jessica's poison

Illustrated notes

Levels and vault maps discovered:
D:1:      scummos_arrival_simple_crosswalls, layout_rooms
D:2:      layout_loops_ring, serial_shops, shop_statue,
          hellmonk_ecumenical_altar_blasted, uniq_jessica

Action                     |  1- 3 |  4- 6 || total
---------------------------+-------+-------++-------
  Melee: Unarmed           |    69 |       ||    69
         Constrict         |    20 |       ||    20
         Tentacles         |     9 |       ||     9
         Punch             |     1 |       ||     1
    Use: Potion            |       |     3 ||     3
   Stab: Sleeping          |     9 |       ||     9
 Armour: Skin              |    17 |       ||    17
  Dodge: Dodged            |    42 |       ||    42
